cohdb
Replays
Latest Replays
All Replays
Popular Replays
Top Player Replays
Match Explorer
How It Works
Community
CoH3 Stats
Reddit
Sign in to upload your games and track your stats! →
Sign in with Steam
Match 41586461
Unlisted
Match 41586461
Overview
Messages
Build Orders
End
Panzerpioneer Squad
Panzerpioneer Squad
Selects Italian Infantry
250 Light Carrier
Construct Light Support Kompanie
MG34 Team
MG34 Team
Fire Support Elements
le.IG 18 Mechanized Group
Pak 38 Anti-tank Gun Team
Selects Defensive Operations
2.5-tonne Medical Truck
Pak 38 Anti-tank Gun Team
Construct Panzerarmee Kommand
Selects Prepared Positions
Assault Grenadier Squad
Walking Stuka Rocket Launcher
Selects Guastatori Squad
Guastatori Squad
Walking Stuka Rocket Launcher
Armored Reserves
Selects L6/40 Light Tank Combat Group
Selects Towed Cannone da 105/28 Field Howitzer
Selects Obice 305mm Barrage
Panzer IV Assault Group
Nuclear Viking
Orb
조영
Creistan
CygNus
yellow291244
0
0
Comments
sign in to comment!
No comments posted yet!